Description

Once you have 2 zealots and 3 stalkers attack and keep sending reinforcements. Stop probe production once 1 assimilator and your mineral patches are saturated. Ignore the times, just build things in the order given as fast as you can. I did not get warpgate research as part of this build.

Replay - Cyber Forest LE (76)

Build Order

Get SALT Encoding   

  12  0:03  Probe  
  13  0:15  Probe  
  13  0:19  Pylon  
  14  0:27  Probe  
  15  0:35  Probe  
  16  0:43  Probe, Gateway  
  16  0:46  Assimilator  
  17  1:05  Gateway  
  17  1:19  Probe  
  18  1:36  Cybernetics Core  
  18  1:41  Gateway  
  18  1:47  Pylon  
  18  1:58  Zealot x2  
  22  2:19  Probe  
  23  2:28  Stalker x3  
  23  2:31  Probe  
  30  2:40  Pylon  
  30  2:43  Probe  
  31  2:56  Probe  
  31  3:02  Stalker x2  
  33  3:06  Pylon  
  36  3:26  Stalker  
  38  3:42  Zealot x2  
  42  3:50  Pylon  
  42  3:56  Zealot  
Spawning Tool Build Advisor. Get it on Overwolf

Go to:

Details

  • Created by: goatball
  • Published on: Jun 08, 2019
  • Modified on: Jun 08, 2019
  • Patch: 4.7.1
Show
View Real Time Build Order
Export as new Build Order

Comments (0)

There are no comments. Be the first!

Create an account to comment!